Map: Triton LE

Players

Psykkoz

  • Race: Protoss Protoss
  • League: Diamond
  • Spawn Location: 5:00

ViBE - Winner!

  • Race: Protoss Protoss
  • League: Diamond
  • Spawn Location: 11:00

VOD

Have the link to the VOD?

Description

Time

  • Played on: Dec. 18, 2019, 9:18 p.m.
  • Length: 14:17
Show
View Real Time Build Order
Export as new Build Order

Psykkoz Protoss 

Build Orders: Archon Immortal 

Get SALT Encoding   

  12  0:01  Probe  
  13  0:13  Probe  
  14  0:18  Pylon  
  14  0:30  Probe  
  15  0:37  Gateway  
  15  0:42  Probe  
  16  0:54  Probe  
  16  0:55  Assimilator  
  17  1:07  Probe  
  18  1:14  Gateway  
  18  1:34  Cybernetics Core  
  18  1:35  Probe  
  19  1:47  Probe  
  19  1:50  Pylon  
  20  1:59  Probe  
  21  2:15  Probe  
  24  2:18  Stalker (Chrono Boost)  
  24  2:19  Stalker (Chrono Boost)  
  26  2:27  Probe  
  27  2:39  Probe  
  28  2:44  Stalker  
  30  2:54  Pylon, Nexus  
  30  2:56  Pylon  
  30  3:01  Assimilator  
  30  3:05  Warp Gate  
  30  3:14  Probe  
  29  3:23  Stalker  
  29  3:26  Probe  
  32  3:38  Probe  
  32  3:45  Pylon  
  32  3:48  Robotics Facility  
  32  3:50  Probe  
  32  3:53  Stalker  
  35  4:09  Probe (Chrono Boost)  
  37  4:13  Probe (Chrono Boost)  
  37  4:18  Probe (Chrono Boost), Stalker  
  37  4:22  Probe (Chrono Boost)  
  41  4:26  Twilight Council  
  41  4:31  Probe  
  42  4:40  Observer (Chrono Boost)  
  42  4:41  Probe  
  42  4:43  Probe  
  45  4:45  Assimilator  
  45  4:47  Assimilator  
  45  4:51  Gateway  
  45  4:53  Probe  
  45  4:54  Forge  
  45  4:55  Pylon  
  45  4:59  Charge (Chrono Boost)  
  46  5:01  Warp Prism (Chrono Boost)  
  48  5:08  Probe  
  48  5:09  Probe  
  50  5:20  Probe  
  50  5:21  Probe  
  52  5:26  Protoss Ground Weapons Level 1  
  52  5:28  Immortal (Chrono Boost)  
  52  5:33  Probe x2  
  58  5:37  Observer  
  58  5:50  Probe  
  58  5:52  Probe  
  60  6:00  Nexus  
  60  6:01  Pylon  
  60  6:15  Zealot x2  
  60  6:16  Zealot  
  66  6:19  Pylon  
  66  6:20  Gateway  
  66  6:30  Blink (Chrono Boost)  
  66  6:37  Zealot  
  68  6:43  Templar Archives  
  68  6:45  Gateway  
  68  6:55  Gateway  
  68  6:57  Gateway x2  
  68  7:22  Zealot  
  68  7:23  Zealot x3  
  68  7:25  Probe  
  77  7:30  Pylon  
  77  7:33  Assimilator  
  77  7:37  Probe  
  77  7:38  Protoss Ground Weapons Level 2 (Chrono Boost)  
  77  7:42  Forge  
  78  7:44  Gateway  
  78  7:46  Gateway  
  78  7:50  Probe (Chrono Boost)  
  79  7:54  Assimilator  
  79  7:57  Photon Cannon  
  79  7:59  Photon Cannon  
  79  8:01  Photon Cannon  
  79  8:03  Photon Cannon  
  79  8:05  Immortal (Chrono Boost), High Templar x2  
  87  8:21  Protoss Ground Armor Level 1 (Chrono Boost)  
  87  8:23  Probe (Chrono Boost)  
  87  8:25  High Templar x2  
  92  8:27  Archon  
  92  8:29  Archon  
  92  8:32  Probe (Chrono Boost)  
  93  8:38  Robotics Facility, Gateway  
  93  8:42  Pylon  
  93  8:43  Zealot x4  
  99  8:52  Observer (Chrono Boost)  
  93  9:04  High Templar x2  
  93  9:09  Probe x2  
  100  9:10  Probe  
  100  9:15  Archon  
  100  9:17  High Templar x2  
  102  9:19  Immortal (Chrono Boost)  
  102  9:21  Probe  
  102  9:22  Probe x2  
  111  9:33  Probe  
  111  9:34  Probe  
  111  9:35  Immortal (Chrono Boost)  
  111  9:36  Archon  
  117  9:46  Probe  
  118  9:57  Probe x2  
  118  9:58  Probe  
  121  10:06  Protoss Ground Weapons Level 3 (Chrono Boost)  
  121  10:15  Protoss Ground Armor Level 2 (Chrono Boost)  
  121  10:20  Zealot x2  
  125  10:22  Nexus  
  125  10:25  Pylon  
  117  10:29  Immortal (Chrono Boost)  
  117  10:30  Immortal (Chrono Boost)  
  119  10:45  Probe x2  
  121  10:54  Gateway  
  121  10:55  Gateway  
  121  10:57  Gateway  
  121  10:58  Sentry x2  
  121  10:59  Sentry  
  121  11:00  High Templar x2  
  121  11:01  Pylon  
  121  11:02  Pylon  
  131  11:04  Pylon  
  131  11:06  Pylon, Archon  
  131  11:19  Immortal (Chrono Boost)  
  131  11:20  Immortal (Chrono Boost)  
  139  11:29  High Templar x2  
  143  11:32  High Templar  
  143  11:33  Archon, High Templar  
  143  11:34  Pylon  
  143  11:38  Archon  
  141  11:56  Immortal x2 (Chrono Boost)  
  149  12:01  Nexus  
  149  12:04  Pylon  
  149  12:05  High Templar x3, Pylon  
  149  12:07  Assimilator  
  155  12:08  Zealot  
  157  12:19  Pylon  
  157  12:21  Pylon  
  157  12:22  Pylon  
  157  12:27  Warp Prism (Chrono Boost)  
  155  12:35  Zealot x5  
  146  12:38  Archon  
  146  12:43  Zealot x3  
  124  12:48  Photon Cannon  
  94  12:52  Shield Battery  
  94  12:53  Shield Battery  
  94  12:54  Immortal (Chrono Boost)  
  94  12:57  Shield Battery  
  77  13:01  Immortal (Chrono Boost)  
  77  13:03  Zealot x3  
  77  13:10  High Templar x2  
  77  13:11  High Templar x3  
  73  13:16  Archon  
  73  13:17  Archon  
Show
View Real Time Build Order
Export as new Build Order

ViBE Protoss - Winner!

Build Orders: Archon Immortal 

Get SALT Encoding   

  12  0:00  Probe  
  13  0:12  Probe  
  14  0:18  Pylon  
  14  0:25  Probe  
  15  0:38  Gateway  
  15  0:40  Probe (Chrono Boost)  
  17  0:50  Assimilator  
  17  0:51  Probe (Chrono Boost)  
  17  0:57  Probe (Chrono Boost)  
  18  1:09  Probe  
  19  1:15  Gateway  
  19  1:21  Probe  
  19  1:24  Assimilator  
  20  1:29  Cybernetics Core  
  20  1:36  Assimilator  
  20  1:37  Probe (Chrono Boost)  
  21  1:49  Probe (Chrono Boost), Pylon  
  22  1:57  Probe (Chrono Boost)  
  23  2:08  Stalker  
  23  2:11  Stalker  
  27  2:18  Probe  
  28  2:30  Pylon  
  28  2:37  Nexus  
  28  2:41  Probe (Chrono Boost)  
  29  2:53  Probe (Chrono Boost)  
  29  2:57  Warp Gate  
  30  2:59  Sentry  
  30  3:00  Stalker  
  30  3:01  Probe (Chrono Boost)  
  35  3:08  Probe  
  36  3:20  Probe (Chrono Boost)  
  37  3:29  Robotics Facility  
  37  3:32  Probe (Chrono Boost)  
  37  3:34  Pylon  
  38  3:40  Probe (Chrono Boost)  
  39  3:51  Probe x2 (Chrono Boost)  
  41  4:01  Probe (Chrono Boost), Stalker x2  
  47  4:03  Probe (Chrono Boost)  
  47  4:06  Probe (Chrono Boost)  
  48  4:12  Probe  
  49  4:17  Probe  
  49  4:20  Immortal  
  49  4:24  Probe  
  55  4:29  Probe  
  56  4:36  Probe  
  56  4:38  Assimilator  
  57  4:39  Assimilator  
  57  4:41  Probe  
  58  4:46  Stalker x2  
  58  4:50  Forge  
  62  4:52  Twilight Council  
  62  4:59  Pylon  
  62  5:00  Pylon  
  62  5:10  Nexus  
  62  5:17  Observer, Probe x2  
  62  5:19  Pylon  
  62  5:20  Charge  
  65  5:26  Protoss Ground Weapons Level 1 (Chrono Boost)  
  65  5:29  Probe  
  65  5:31  Zealot x2  
  70  5:35  Templar Archives  
  70  5:39  Gateway  
  70  5:45  Gateway  
  70  5:50  Gateway  
  70  5:54  Probe  
  70  5:55  Probe  
  72  6:03  Zealot x2  
  76  6:15  Probe x2  
  78  6:25  Probe  
  79  6:27  Probe x2  
  79  6:32  Immortal  
  85  6:39  Zealot  
  87  6:40  Zealot x3  
  87  6:41  Probe x2  
  87  6:42  Probe  
  96  6:50  Pylon  
  96  6:53  Assimilator  
  96  6:55  Assimilator  
  96  6:56  Pylon  
  96  6:58  Zealot  
  93  7:13  Probe x3  
  96  7:24  High Templar x2  
  96  7:25  Probe x2 (Chrono Boost), High Templar x3  
  96  7:26  Probe (Chrono Boost)  
  109  7:33  Protoss Ground Weapons Level 2 (Chrono Boost)  
  109  7:36  Probe x3 (Chrono Boost)  
  112  7:39  Gateway  
  112  7:42  Gateway  
  112  7:44  Gateway  
  112  7:46  Probe  
  112  7:47  Probe x2  
  112  7:48  Pylon  
  112  7:50  Pylon  
  115  8:01  Zealot  
  116  8:05  Pylon  
  116  8:07  Photon Cannon, Pylon  
  116  8:11  Pylon, Photon Cannon  
  116  8:13  Photon Cannon  
  116  8:15  Archon x2  
  116  8:28  Zealot, Immortal  
  116  8:29  Zealot  
  116  8:30  High Templar x2, Nexus  
  116  8:33  High Templar  
  116  8:34  Pylon  
  130  8:35  Archon  
  130  8:37  Pylon, Archon  
  130  8:42  Zealot x2  
  130  8:43  Zealot  
  136  8:51  Zealot x2  
  136  8:55  Probe x3  
  126  9:04  Photon Cannon  
  126  9:05  Photon Cannon  
  126  9:07  Probe  
  127  9:10  High Templar x2  
  127  9:11  High Templar x6  
  127  9:15  Archon x3  
  127  9:16  Archon  
  143  9:17  Immortal  
  143  9:20  Probe x3  
  150  9:32  Probe x3  
  150  9:35  Dark Shrine  
  153  9:44  Probe x3  
  156  9:48  Zealot  
  156  9:49  Zealot x4  
  156  9:51  Probe  
  167  9:56  Probe x3  
  170  10:03  Probe  
  171  10:07  Assimilator x2  
  171  10:08  Probe  
  171  10:12  Protoss Ground Weapons Level 3 (Chrono Boost)  
  171  10:13  Gateway  
  172  10:15  Gateway  
  172  10:18  Gateway  
  172  10:20  Zealot  
  172  10:21  Gateway, Zealot  
  174  10:24  Zealot  
  172  10:28  Probe (Chrono Boost)  
  172  10:29  Probe x2 (Chrono Boost)  
  172  10:33  Photon Cannon  
  175  10:39  Probe (Chrono Boost)  
  175  10:41  Probe x2 (Chrono Boost)  
  177  10:44  Probe (Chrono Boost)  
  177  10:47  Probe (Chrono Boost)  
  179  11:01  Nexus  
  179  11:05  Pylon x2  
  179  11:07  High Templar, Pylon  
  179  11:08  High Templar x3  
  179  11:11  Probe  
  188  11:12  Archon x2  
  188  11:24  High Templar x4  
  188  11:25  High Templar x2  
  200  11:28  Archon  
  200  11:29  Archon x2  
  200  11:41  Gateway  
  200  11:43  Gateway  
  200  11:46  Gateway  
  190  11:47  Gateway  
  190  11:51  Zealot x4  
  190  11:52  Zealot  
  200  12:03  Photon Cannon  
  200  12:05  Photon Cannon  
  200  12:06  Photon Cannon  
  200  12:09  Photon Cannon  
  200  12:11  Photon Cannon  
  200  12:14  Pylon  
  196  12:24  Shield Battery  
  196  12:27  Shield Battery  
  196  12:28  Shield Battery  
  188  12:30  Shield Battery  
  188  12:35  Pylon  
  172  12:37  Zealot x3  
  172  12:38  Zealot x6  
  172  12:39  Zealot x3  
  172  12:40  Immortal  
  139  13:12  High Templar x3  
  143  13:13  High Templar x7  
  143  13:14  High Templar x2  
  143  13:16  Archon  
  143  13:17  Archon x3  
  143  13:18  Archon x2  
  163  13:44  Probe x3  
  163  13:45  Zealot x2  
  163  13:46  Zealot x5  
  163  13:47  Zealot x5  
  163  13:49  Assimilator  
Tags
 
Add a new tag
Caveats
  • Supply blocks, unpowered buildings, or Contaminate may cause inaccurate times.
  • Supply counts are checked every 10 seconds.